 Dungeon Crawl Stone Soup version 0.19-a0-1922-g1e9a4c1 (webtiles) character file.

4524 PurpleRed the Destroyer (level 10, 0/49 (51) HPs)
             Began as a Kobold Conjurer on Oct 24, 2016.
             Was a Priest of Vehumet.
             Slain by a centaur warrior (12 damage)
             ... on level 10 of the Dungeon.
             The game lasted 00:44:33 (4183 turns).

PurpleRed the Destroyer (Kobold Conjurer)           Turns: 4183, Time: 00:44:33

HP:   0/49 (51)     AC:  5    Str:  6    XL:     10   Next: 66%
MP:   8/20          EV: 15    Int: 19    God:    Vehumet [***...]
Gold: 101           SH:  0    Dex: 16    Spells: 5 memorised, 12 levels left

rFire  . . .     SeeInvis .     p - +0 hand axe (elec) (curse)
rCold  . . .     Gourm    .     a - +0 robe
rNeg   . . .     Faith    .     (shield restricted)
rPois  +         Spirit   .     e - +1 helmet
rElec  .         Reflect  .     (no cloak)
rCorr  .         Harm     .     (no gloves)
MR     .....                    (no boots)
Stlth  +++.......               (no amulet)
                                v - ring of stealth
                                t - ring of poison resistance

@: no status effects
A: rugged brown scales 1, carnivore 3, low mp 1, wild magic 1
a: Renounce Religion


You were on level 10 of the Dungeon.
You worshipped Vehumet.
Vehumet was most pleased with you.
You were completely stuffed.

You visited 2 branches of the dungeon, and saw 11 of its levels.

You collected 332 gold pieces.
You spent 231 gold pieces at shops.

Inventory:

Hand Weapons
 d - a +0 blowgun
 j - a +3 dagger of venom
 n - a +2 vampiric whip
 o - a +2 long sword of holy wrath
 p - a cursed +0 hand axe of electrocution (weapon)
Missiles
 l - 12 curare-tipped needles
Armour
 a - a +0 robe (worn)
 e - a +1 helmet (worn)
Jewellery
 h - a +3 ring of evasion
 q - an uncursed ring of resist corrosion
 t - a ring of poison resistance (left hand)
 v - a ring of stealth (right hand)
 D - an uncursed ring of flight
Wands
 r - a wand of confusion (21/48)
 y - a wand of lightning (14/15)
 E - a wand of flame (0/48)
 F - a wand of disintegration (12/24)
 H - a wand of disintegration (14/24)
 K - a wand of lightning (4/15)
Scrolls
 f - 2 scrolls of amnesia
 i - 3 scrolls of teleportation
 x - a scroll of remove curse
 B - a scroll of fog
 J - 2 scrolls of recharging
Potions
 g - 2 potions of curing
 k - a potion of cancellation
 m - a potion of berserk rage
 w - 2 potions of haste {unknown}
 z - a potion of invisibility {unknown}
 A - a potion of cure mutation {unknown}
 C - a potion of might
Books
 b - a book of Conjurations

   Spells                             Type                      Level
   a - Magic Dart                     Conjuration                  1
   b - Searing Ray                    Conjuration                  2
   c - Dazzling Spray                 Conjuration/Hexes            3
   d - Fulminant Prism                Conjuration/Hexes            4
   e - Iskenderun's Mystic Blast      Conjuration                  4
   f - Iskenderun's Battlesphere      Conjuration/Charms           5
 s - Jessica's Guide on Curses
   (You found it on level 3 of the Dungeon)

   Spells                             Type                      Level
   a - Slow                           Hexes                        2
Miscellaneous
 G - a phantom mirror
Comestibles
 c - 3 meat rations
 u - 3 beef jerkies
 I - 2 chunks of flesh


   Skills:
 - Level 2.4 Dodging
 - Level 2.6 Stealth
 + Level 8.3 Spellcasting
 * Level 11.3 Conjurations
 - Level 5.3 Charms


You had 12 spell levels left.
You knew the following spells:

 Your Spells              Type           Power        Failure   Level  Hunger
a - Magic Dart            Conj           ####         1%          1    None
b - Searing Ray           Conj           ######       1%          2    None
c - Iskenderun's Mystic   Conj           ######..     1%          4    ###....
d - Iskenderun's Battles  Conj/Chrm      ######..     4%          5    #####..
e - Flame Tongue          Conj/Fire      #####        1%          1    None


Dungeon Overview and Level Annotations

Branches:
Dungeon (10/15)            Temple (1/1) D:4             Orc (0/2) D:9
   Lair: D:8-11

Altars:
Cheibriados
Gozag
Okawaru
Qazlal
Ru
Uskayaw
Vehumet

Shops:
D:9 [

Annotations:
D:4 Eustachio
D:8 Dipster's ghost, novice OpTm


Innate Abilities, Weirdness & Mutations

You are small and have problems with some larger weapons.
You are carnivorous and can eat meat at any time.
You are partially covered in rugged brown scales. (AC +1, +3% HP)
Your magical capacity is low. (-10% MP)
Your spells are a little harder to cast, but a little more powerful.


Message History

You hear a shout! x2
Your battlesphere fires!
The barrage of energy hits the centaur warrior.
The centaur warrior is heavily wounded.
The centaur warrior hits you! x2
* * * LOW HITPOINT WARNING * * *
Casting: Iskenderun's Mystic Blast
Confirm with . or Enter, or press ? or * to list all spells.
Aiming: Iskenderun's Mystic Blast
Press: ? - help, Shift-Dir - straight line, f/p - centaur warrior
Aim: a centaur warrior (heavily wounded)
The orb of energy hits the centaur warrior.
The centaur warrior is almost dead.
The orb of energy explodes!
The mystic blast hits something.
Vehumet accepts your kill.
Reactivating autopickup.
You feel a bit more experienced.
The mystic blast hits the orc wizard.
The orc wizard is severely wounded.
The centaur warrior hits you!
You die...

.##... ......
......#####################
...........................
....8...##*................
#...................##....
.#..8.8..............##....
..........@................
##......###c#####+####.....
#.###.#...)o# #.....
#.#..o..# #.#... #.#.....#
#..... #.#.....# #.....
..##...## #..... ## #...#
#####' .o... #.


You could see a centaur warrior, an orc wizard and a friendly battlesphere
(wandering).

Vanquished Creatures
  A centaur warrior (D:9)
  A troll (D:10)
  A two-headed ogre (D:8)
  A hippogriff (D:9)
  An ice beast (D:8)
  A sky beast (D:5)
  An orc warrior (D:9)
  5 necrophages (D:9)
  4 ogres
  4 centaurs
  A crocodile (D:9)
  A big kobold (D:7)
  Blork the orc (D:4)
  7 bullfrogs
  A scorpion (D:5)
  2 wights (D:9)
  4 howler monkeys (D:9)
  A crimson imp (D:7)
  6 orc priests
  4 hounds
  A centaur skeleton (D:9)
  A gnoll shaman (D:4)
  Jessica (D:3)
  A bullfrog skeleton (D:4)
  3 iguanas
  4 orc wizards
  5 worker ants
  A killer bee zombie (D:9)
  2 hound zombies
  2 worker ant zombies
  3 gnolls (D:4)
  9 adders
  A shadow imp (D:9)
  3 oozes
  An adder zombie (D:5)
  6 leopard geckos
  16 orcs
  6 giant cockroaches
  4 goblins
  5 hobgoblins
  10 jackals
  7 quokkas
  2 ball pythons (D:3)
  6 bats
  4 frilled lizards
  7 kobolds
  A quokka zombie (D:9)
  6 rats
166 creatures vanquished.

Notes
Turn   | Place    | Note
-------+----------+-------------------------------------------
     0 | D:1      | PurpleRed the Kobold Conjurer began the quest for the Orb.
     0 | D:1      | Reached XP level 1. HP: 10/10 MP: 3/3
   193 | D:1      | Reached XP level 2. HP: 11/15 MP: 0/5
   421 | D:2      | Found a sacrificial altar of Ru.
   480 | D:3      | Reached XP level 3. HP: 19/19 MP: 1/7
   560 | D:3      | Learned a level 2 spell: Searing Ray
   580 | D:3      | Noticed Jessica
   583 | D:3      | Killed Jessica
   583 | D:3      | Reached XP level 4. HP: 19/24 MP: 3/9
   618 | D:3      | Identified Jessica's Guide on Curses
   887 | D:4      | Reached skill level 5 in Conjurations
   887 | D:4      | Reached XP level 5. HP: 25/28 MP: 5/10
   899 | D:4      | Learned a level 5 spell: Iskenderun's Battlesphere
  1045 | D:4      | Noticed Eustachio
  1101 | D:3      | Reached XP level 6. HP: 32/32 MP: 1/12
  1133 | D:3      | Found a stormy altar of Qazlal.
  1295 | D:4      | Noticed Blork the orc
  1301 | D:4      | Killed Blork the orc
  1301 | D:4      | Reached skill level 1 in Charms
  1318 | D:4      | Found a staircase to the Ecumenical Temple.
  1327 | Temple   | Entered the Ecumenical Temple
  1358 | Temple   | Became a worshipper of Vehumet
  1409 | D:4      | Reached skill level 6 in Conjurations
  1511 | D:4      | Reached XP level 7. HP: 22/36 MP: 12/14
  1553 | D:5      | Entered Level 5 of the Dungeon
  1665 | D:6      | Noticed a hungry ghost
  1750 | D:5      | Reached skill level 5 in Spellcasting
  1834 | D:5      | Learned a level 4 spell: Iskenderun's Mystic Blast
  2078 | D:6      | Reached skill level 7 in Conjurations
  2078 | D:6      | Reached XP level 8. HP: 40/41 MP: 7/15
  2446 | D:8      | Reached * piety under Vehumet
  2446 | D:8      | Offered knowledge of Flame Tongue by Vehumet.
  2449 | D:8      | Learned a level 1 spell: Flame Tongue
  2471 | D:8      | Noticed Dipster's ghost (novice OpTm)
  2686 | D:7      | Reached skill level 8 in Conjurations
  2766 | D:8      | Got a scorched scale mail
  2791 | D:8      | Offered knowledge of Throw Flame by Vehumet.
  2824 | D:8      | Reached XP level 9. HP: 45/45 MP: 15/18
  2838 | D:8      | Noticed a two-headed ogre
  2843 | D:8      | Killed a two-headed ogre
  2847 | D:8      | Reached ** piety under Vehumet
  2861 | D:8      | Noticed an enchanted dagger
  2862 | D:8      | Noticed a hand axe
  2865 | D:8      | Found a hide-covered altar of Uskayaw.
  2876 | D:8      | Reached skill level 9 in Conjurations
  3006 | D:10     | Entered Level 10 of the Dungeon
  3035 | D:9      | Noticed a hippogriff
  3046 | D:9      | Killed a hippogriff
  3097 | D:9      | Noticed a centaur warrior
  3114 | D:9      | Gained mutation: You are dopey. (Int -2) [potion of mutation]
  3114 | D:9      | Lost mutation: You are dopey. (Int -2) [potion of mutation]
  3114 | D:9      | Gained mutation: Your magical capacity is low. (-10% MP) [potion of mutation]
  3116 | D:9      | Gained mutation: You have a pair of small horns on your head. [potion of mutation]
  3116 | D:9      | Gained mutation: You are weak. (Str -2) [potion of mutation]
  3116 | D:9      | Gained mutation: You are partially covered in rugged brown scales. (AC +1, +3% HP) [potion of mutation]
  3117 | D:9      | Lost mutation: You have a pair of small horns on your head. [potion of mutation]
  3117 | D:9      | Gained mutation: Your spells are a little harder to cast, but a little more powerful. [potion of mutation]
  3117 | D:9      | Lost mutation: You are weak. (Str -2) [potion of mutation]
  3233 | D:9      | Killed a centaur warrior
  3233 | D:9      | Reached skill level 10 in Conjurations
  3233 | D:9      | Reached XP level 10. HP: 16/51 MP: 10/19
  3286 | D:9      | Reached skill level 5 in Charms
  3402 | D:9      | Found Kyno's Antique Armour Shoppe.
  3414 | D:9      | Bought a runed helmet for 231 gold pieces
  3456 | D:9      | Identified the cursed +1 scale mail of Inevitability {rElec Str-3 Dex-3 SInv} (You found it on level 8 of the Dungeon)
  3492 | D:9      | Offered knowledge of Stone Arrow by Vehumet.
  3528 | D:9      | Noticed a tengu warrior
  3618 | D:9      | Reached skill level 11 in Conjurations
  3639 | D:9      | Reached *** piety under Vehumet
  3718 | D:9      | Found a staircase to the Orcish Mines.
  3928 | D:9      | Noticed a tengu warrior
  4167 | D:10     | Noticed a centaur warrior
  4183 | D:10     | Slain by a centaur warrior

Vault maps used:
D:1:      dpeg_arrival_simpleton_c
D:2:      nicolae_ru_the_path_less_chosen, feat_on_display
D:3:      overflow_temple_1_default, portal_sewer_entry_f, nrook_uturn,
          kennysheep_jessica_study
D:4:      wad_river_or_something, first_bread, minmay_misc_feat_ornament,
          minmay_misc_feat_nine_boxes, kennysheep_nondescript, uniq_eustachio,
          uniq_blork_the_orc
D:5:      cheibrodos_helix_gallery
D:7:      serial_shops, shop, grunt_ogre_cave
D:8:      dancing_weapons_uskayaw, lair_0_dummy
D:9:      orc_0_dummy, serial_undead, serial_undead_c, serial_undead_d,
          serial_undead_a, serial_undead_a, serial_shops,
          nicolae_shop_statue_plus
D:10:     kennysheep_kobold_lugonu_temple, serial_column_ruins,
          column_ruins_open_small, column_ruins_grid_1, column_ruins_grid_1,
          column_ruins_columns_corner, column_ruins_corridor_T,
          column_ruins_grid_3
Temple:   dpeg_five_rooms_temple

Skill      XL: |  1  2  3  4  5  6  7  8  9 10 |
---------------+-------------------------------+-----
Spellcasting   | 3 4 5 6 7 8 |  8.3
Conjurations   | 5 6 7 8 10 11 | 11.3
Charms         | 1 2 3 4 5 |  5.3
Dodging        | |  2.4
Stealth        | |  2.6

Action                   |  1- 3 |  4- 6 |  7- 9 | 10-12 || total
-------------------------+-------+-------+-------+-------++-------
Melee: Unarmed           |    12 |       |       |       ||    12
       Dagger            |    26 |    13 |    45 |     5 ||    89
       Club              |     4 |       |       |       ||     4
       Long sword        |       |    29 |       |       ||    29
Throw: Stone             |       |     4 |       |       ||     4
 Cast: Magic Dart        |    29 |    32 |    55 |    46 ||   162
       Searing Ray       |     1 |    12 |    31 |    10 ||    54
       Iskenderun's Batt |       |       |     5 |     9 ||    14
       Iskenderun's Myst |       |       |     2 |     4 ||     6
Evoke: Wand              |       |       |     9 |       ||     9
  Use: Scroll            |       |     9 |     7 |     2 ||    18
       Potion            |       |     1 |     5 |     1 ||     7
 Stab: Sleeping          |     3 |     1 |     3 |       ||     7
       Distracted        |       |     1 |       |       ||     1
  Eat: Chunk             |     7 |     4 |     4 |     9 ||    24
Armor: Robe              |     9 |    22 |    21 |     3 ||    55
Dodge: Dodged            |    49 |    79 |    88 |    17 ||   233
       Rpst.: Long sword |       |    13 |       |       ||    13
